Map: Eternal Empire LE

Players

liquidthermy (uThermal) - Winner!

  • Race: Terran Terran
  • Spawn Location: 1:00

Lambo

  • Race: Zerg Zerg
  • League: Master
  • Spawn Location: 7:00

Event: Shopify TSL 5

VOD

Have the link to the VOD?

Description

Time

  • Played on: May 16, 2020, 12:43 p.m.
  • Length: 14:38

All games in this series

Show
View Real Time Build Order
Export as new Build Order

liquidthermy Terran - Winner!

Build Orders: Reaper Expand, Hellion Banshee 

Get SALT Encoding   

  12  0:01  SCV  
  13  0:13  SCV  
  14  0:17  Supply Depot  
  14  0:25  SCV  
  15  0:38  SCV  
  15  0:39  Barracks  
  16  0:43  Refinery  
  16  0:50  SCV  
  17  1:03  SCV  
  18  1:15  SCV  
  19  1:27  Reaper, Orbital Command  
  20  1:41  Command Center  
  20  1:49  Supply Depot  
  20  1:53  SCV  
  21  1:59  Marine  
  22  2:06  SCV  
  23  2:10  Factory  
  22  2:16  Marine  
  22  2:18  SCV  
  24  2:23  Refinery  
  24  2:30  SCV  
  24  2:35  Barracks Reactor  
  25  2:42  SCV  
  26  2:54  SCV, Orbital Command  
  27  3:05  Starport  
  27  3:06  SCV  
  27  3:14  Hellion x2  
  27  3:17  Barracks Tech Lab  
  27  3:18  SCV  
  33  3:30  SCV  
  33  3:31  SCV  
  34  3:35  Hellion x2  
  38  3:41  Supply Depot  
  38  3:42  SCV  
  38  3:43  SCV  
  38  3:47  Cloaking Field, Banshee  
  43  3:54  SCV  
  44  3:56  Hellion  
  46  4:03  SCV, Hellion  
  46  4:04  Supply Depot  
  46  4:07  SCV  
  50  4:18  SCV  
  50  4:19  SCV  
  50  4:20  Command Center  
  54  4:24  Hellion  
  54  4:27  Hellion  
  54  4:30  Supply Depot  
  56  4:32  SCV  
  56  4:35  SCV  
  56  4:38  Banshee  
  58  4:40  Barracks Tech Lab  
  58  4:44  SCV  
  62  4:52  SCV  
  63  4:56  SCV  
  63  4:58  Barracks  
  63  4:59  Factory Reactor  
  64  5:00  Barracks  
  64  5:02  Stimpack, Marine  
  64  5:04  SCV  
  66  5:10  SCV  
  66  5:12  Supply Depot  
  67  5:16  SCV  
  67  5:20  Marine  
  67  5:27  SCV  
  67  5:28  Engineering Bay x2, Refinery  
  68  5:29  SCV  
  68  5:35  Orbital Command  
  69  5:38  Marine  
  69  5:39  SCV, Starport Reactor  
  69  5:41  SCV  
  72  5:44  Barracks  
  72  5:45  Barracks  
  72  5:51  SCV  
  72  5:53  SCV  
  72  5:55  Marine  
  68  5:58  Orbital Command, Marine  
  68  5:59  Marine  
  68  6:03  SCV  
  61  6:05  SCV  
  61  6:06  Marine x2  
  61  6:07  Factory Reactor  
  61  6:11  Terran Infantry Weapons Level 1, Terran Infantry Armor Level 1  
  64  6:13  Refinery, Marine  
  64  6:14  Supply Depot  
  64  6:16  SCV, Marine  
  64  6:18  SCV, Medivac  
  70  6:20  Medivac  
  70  6:22  Marine  
  70  6:24  SCV  
  74  6:26  Marine  
  74  6:28  SCV  
  74  6:30  SCV  
  74  6:32  Barracks Reactor x2  
  77  6:37  SCV  
  77  6:39  Factory, Marine  
  78  6:40  SCV, Supply Depot  
  78  6:42  SCV, Marine x2  
  78  6:45  Widow Mine x2  
  87  6:48  Marine x2  
  87  6:49  SCV  
  87  6:50  Supply Depot  
  87  6:51  Medivac  
  87  6:53  Medivac  
  94  6:55  SCV  
  94  6:56  Refinery  
  94  6:57  SCV  
  94  6:59  Marine  
  94  7:01  SCV, Supply Depot  
  98  7:05  Supply Depot, Marine  
  98  7:06  Marine  
  98  7:07  SCV, Marine  
  104  7:08  Widow Mine  
  104  7:09  SCV  
  104  7:13  SCV  
  104  7:14  Armory  
  104  7:15  Marine  
  107  7:18  Supply Depot, Widow Mine, Marine  
  107  7:19  Supply Depot  
  107  7:21  SCV  
  107  7:22  Medivac  
  113  7:29  SCV, Marine  
  109  7:30  Marine x2  
  109  7:32  Widow Mine x2  
  109  7:34  Marine x2  
  115  7:37  Command Center  
  115  7:39  Marine  
  116  7:44  Marine x2  
  120  7:51  Widow Mine  
  120  7:52  Combat Shield  
  120  7:53  Marine, Barracks  
  120  7:54  Marine x2, Widow Mine  
  120  7:55  Barracks x2  
  125  8:00  Marine  
  125  8:02  Marine x2  
  128  8:09  Terran Infantry Armor Level 2, Terran Infantry Weapons Level 2  
  128  8:10  Marine  
  128  8:11  Widow Mine  
  127  8:14  Marine x2  
  127  8:15  Marine, Widow Mine  
  127  8:16  Marine  
  127  8:17  Marine  
  127  8:18  Marine  
  131  8:20  Missile Turret  
  131  8:22  Missile Turret, Marine  
  131  8:23  Widow Mine  
  132  8:27  Medivac, Marine x2  
  132  8:32  Marine  
  132  8:33  Marine  
  140  8:36  Marine  
  140  8:39  Marine x2  
  141  8:43  Widow Mine  
  141  8:45  Thor  
  141  8:48  Supply Depot  
  147  8:49  Barracks Tech Lab x3  
  147  8:52  Marine x2  
  147  8:53  Medivac, Marine x2  
  147  8:55  Marine  
  145  9:00  Marine  
  139  9:05  Marauder, Marine x2  
  139  9:09  Terran Vehicle And Ship Armor Level 1  
  142  9:14  Marauder x2  
  142  9:15  Widow Mine  
  142  9:16  Marauder, Marine  
  148  9:17  Missile Turret  
  148  9:24  Marine x2  
  148  9:25  Widow Mine  
  148  9:26  Marauder  
  148  9:28  Marine  
  155  9:32  Thor  
  155  9:35  SCV, Marauder x2  
  166  9:38  Marine  
  166  9:41  Sensor Tower  
  166  9:43  SCV  
  166  9:44  SCV  
  171  9:48  SCV  
  171  9:50  Marauder, Marine  
  171  9:51  Planetary Fortress  
  170  9:52  Marine  
  170  9:53  Marine  
  170  9:57  Missile Turret  
  172  10:04  Marauder  
  168  10:09  Marine  
  168  10:10  Marauder, Marine  
  168  10:11  Marauder  
  168  10:13  Marine  
  172  10:14  Marauder  
  172  10:17  Marine  
  172  10:25  Missile Turret  
  172  10:26  Supply Depot  
  172  10:27  Missile Turret  
  172  10:31  Terran Infantry Weapons Level 3  
  172  10:40  Supply Depot  
  172  10:41  Supply Depot  
  172  10:42  Marine x2  
  172  10:44  Marauder  
  172  10:46  SCV  
  172  10:47  Widow Mine, Thor  
  172  10:48  Marauder  
  171  10:54  Widow Mine  
  171  10:55  Marine x2  
  171  10:56  Marauder x2, Marine  
  168  10:57  Medivac  
  168  11:03  Supply Depot  
  170  11:05  Marauder  
  170  11:09  Widow Mine  
  160  11:15  Medivac  
  160  11:17  Marauder, Marine  
  125  11:19  Marauder, Marine x3  
  125  11:20  Marauder, Widow Mine  
  125  11:22  Marine  
  129  11:26  Marauder  
  129  11:27  Medivac, Marine  
  129  11:30  Widow Mine  
  129  11:31  Widow Mine  
  138  11:34  Drilling Claws  
  138  11:36  Marine x2  
  138  11:39  Marauder  
  142  11:41  Marauder x2  
  142  11:42  Widow Mine  
  148  11:47  Marine x2  
  148  11:48  Marauder, Marine  
  148  11:51  Marine  
  148  11:52  Widow Mine x2  
  158  11:55  Marine  
  158  11:58  Marine  
  158  12:00  Marauder  
  162  12:02  Marauder  
  162  12:03  Marauder  
  162  12:04  Marine  
  162  12:05  Command Center  
  162  12:06  Marine  
  162  12:08  Marine x2  
  168  12:10  Widow Mine  
  170  12:16  Medivac  
  170  12:17  Medivac, Marine  
  170  12:18  Marauder  
  170  12:21  Marine x2  
  170  12:22  Marauder  
  181  12:23  Marauder  
  181  12:26  Thor  
  189  12:30  Marauder, Marine  
  183  12:40  Marine  
  183  12:41  Marauder  
  183  12:46  Medivac  
  183  12:47  Widow Mine  
  180  12:55  Marine x2  
  180  12:56  Marauder x2, Liberator  
  134  13:15  Marine x2  
  134  13:16  Medivac  
  134  13:17  Marine x3  
  134  13:18  Marauder, Widow Mine, Marine x6  
  140  13:24  Widow Mine  
  140  13:25  Widow Mine  
  142  13:27  SCV  
  142  13:33  Marine  
  144  13:36  Marauder, Marine  
  144  13:37  Marauder x2, Marine  
  144  13:38  Marine x3  
  144  13:39  Medivac  
  144  13:40  Refinery  
  144  13:41  Refinery  
  157  13:42  Refinery, Marine  
  157  13:43  Marauder  
  157  13:45  SCV  
  157  13:46  Medivac  
  163  13:52  Planetary Fortress  
  163  13:54  Marine x2  
  163  13:55  Marine x2  
  165  13:56  Marine x2  
  165  13:57  Marauder  
  165  13:58  Widow Mine  
  171  14:03  Marine  
  171  14:04  Marauder  
  171  14:09  Missile Turret  
  176  14:10  Marine  
  176  14:11  Marine x2  
  176  14:12  Missile Turret, Marine x3  
  176  14:14  Marine  
  176  14:15  Marine  
  176  14:17  Marine  
  188  14:18  Marine  
  183  14:24  Unknown  
Show
View Real Time Build Order
Export as new Build Order

Lambo Zerg 

Build Orders: Pool First, Muta Ling Bane 

Get SALT Encoding   

  12  0:00  Drone  
  13  0:12  Overlord  
  13  0:16  Drone  
  14  0:30  Drone x2  
  14  0:34  Drone  
  17  0:44  Extractor  
  17  0:45  Drone  
  17  0:49  Spawning Pool  
  16  0:55  Drone  
  17  1:07  Drone  
  18  1:17  Hatchery  
  17  1:27  Drone  
  18  1:37  Zergling x2, Queen  
  18  1:39  Zergling x2  
  22  1:46  Metabolic Boost  
  22  1:54  Overlord  
  22  2:14  Queen  
  24  2:16  Zergling x4  
  26  2:23  Drone  
  27  2:32  Drone x2  
  29  2:39  Drone  
  29  2:43  Pneumatized Carapace  
  30  2:47  Drone x2  
  32  2:56  Drone x2  
  34  3:05  Drone x2  
  34  3:06  Overlord  
  36  3:15  Hatchery  
  36  3:19  Drone  
  36  3:25  Drone x2  
  38  3:29  Drone x4  
  38  3:32  Drone  
  38  3:33  Overlord  
  43  3:43  Overlord, Queen, Extractor  
  45  3:50  Overlord  
  45  3:52  Queen  
  47  3:58  Drone x3  
  47  3:59  Drone  
  47  4:02  Drone  
  52  4:06  Overlord  
  52  4:09  Drone  
  53  4:18  Overlord, Queen  
  55  4:26  Zergling x2  
  55  4:30  Zergling x2  
  55  4:31  Zergling x2, Drone  
  58  4:32  Lair, Drone x2  
  58  4:33  Overlord  
  61  4:38  Drone x3  
  61  4:40  Spore Crawler  
  61  4:42  Spore Crawler  
  61  4:44  Spore Crawler  
  61  4:45  Drone  
  62  4:47  Drone x2  
  62  4:49  Drone  
  65  4:55  Drone  
  65  4:56  Drone  
  65  4:58  Evolution Chamber  
  65  4:59  Evolution Chamber, Extractor  
  64  5:00  Drone x2, Extractor  
  64  5:05  Drone x3  
  64  5:06  Drone  
  69  5:07  Drone  
  69  5:09  Drone  
  69  5:10  Drone  
  69  5:12  Zergling x2  
  73  5:17  Zergling x8  
  73  5:21  Zergling x2  
  76  5:27  Drone  
  76  5:30  Zergling x4  
  76  5:32  Overlord  
  76  5:33  Drone x5  
  76  5:35  Queen  
  85  5:36  Overseer  
  85  5:39  Overlord  
  85  5:40  Drone x2  
  87  5:43  Baneling Nest  
  87  5:49  Drone x3  
  86  5:56  Drone x3  
  83  6:06  Hatchery  
  83  6:07  Extractor  
  83  6:08  Spire  
  83  6:10  Zerg Ground Armor Level 1  
  76  6:13  Zerg Melee Weapons Level 1  
  76  6:17  Extractor x2  
  76  6:18  Drone x2  
  76  6:21  Drone  
  76  6:22  Drone x4  
  81  6:25  Queen  
  81  6:29  Centrifical Hooks  
  81  6:32  Queen  
  85  6:36  Zergling x6  
  88  6:41  Zergling x6  
  88  6:44  Overseer  
  91  6:50  Overlord  
  91  6:51  Zergling x2, Drone  
  91  6:52  Zergling x12  
  101  7:01  Zergling x4  
  101  7:08  Overlord  
  100  7:09  Baneling x3  
  100  7:14  Zergling x12  
  100  7:15  Unknown  
  105  7:19  Queen  
  105  7:20  Mutalisk x6  
  119  7:24  Overlord  
  119  7:29  Zergling x6  
  112  7:33  Mutalisk x2  
  112  7:36  Mutalisk  
  116  7:41  Drone  
  119  7:45  Mutalisk  
  119  7:46  Zergling x2  
  119  7:47  Zergling x12  
  119  7:48  Baneling x3  
  119  7:51  Zergling x2, Baneling x2  
  128  7:52  Zergling x10  
  128  7:56  Zergling x6  
  137  7:58  Baneling  
  137  7:59  Baneling x4  
  137  8:01  Zergling x2  
  138  8:07  Zergling x6  
  132  8:13  Zergling x8  
  132  8:19  Zergling x6  
  137  8:26  Mutalisk x5  
  132  8:29  Queen  
  132  8:31  Overlord  
  132  8:33  Overlord  
  142  8:34  Drone  
  142  8:36  Zerg Melee Weapons Level 2  
  142  8:39  Overlord  
  141  8:44  Overlord  
  141  8:46  Drone x2  
  141  8:49  Overlord  
  141  8:53  Overlord  
  137  8:58  Mutalisk x4  
  137  9:00  Zergling x12  
  146  9:06  Zergling x6  
  148  9:17  Zergling x12  
  148  9:18  Overseer  
  148  9:21  Baneling x5  
  148  9:23  Zergling x4  
  156  9:24  Hatchery  
  156  9:27  Drone  
  156  9:28  Zergling x6  
  159  9:34  Zerg Flyer Weapons Level 1  
  159  9:35  Zergling x6  
  159  9:37  Infestation Pit  
  161  9:44  Zergling x16  
  169  9:48  Drone x4  
  169  9:50  Zergling x4  
  169  9:53  Baneling x4  
  169  9:54  Baneling  
  169  9:55  Zergling x2  
  169  9:59  Zergling x2  
  172  10:00  Zergling x6  
  172  10:04  Zergling x2  
  167  10:07  Zergling x10  
  167  10:09  Baneling x9  
  167  10:12  Zergling x6  
  174  10:17  Zergling x8  
  174  10:20  Zergling x6  
  181  10:27  Zergling x6  
  184  10:31  Zergling x6  
  184  10:33  Baneling x13  
  185  10:41  Zergling x2  
  185  10:42  Zergling x6  
  182  10:45  Zergling x10  
  167  10:50  Zergling x4  
  167  10:56  Zergling x6, Baneling x6  
  164  11:00  Zergling x4  
  165  11:04  Zergling x4  
  165  11:06  Zergling x2  
  165  11:10  Zergling x2  
  152  11:15  Zergling x6  
  135  11:19  Corruptor x2  
  135  11:23  Hive  
  139  11:28  Corruptor x4  
  139  11:30  Zergling x10  
  139  11:31  Zergling x6  
  139  11:32  Baneling x2  
  155  11:34  Baneling  
  155  11:35  Baneling x3  
  155  11:37  Baneling x4  
  155  11:38  Drone x2  
  157  11:42  Zergling x6  
  157  11:43  Zergling x2  
  157  11:44  Overseer  
  161  11:48  Baneling x5  
  161  11:49  Baneling x2  
  162  11:54  Zergling x12  
  162  11:58  Zergling x6  
  162  11:59  Zergling x2  
  171  12:11  Zerg Ground Armor Level 2  
  169  12:16  Zergling x10  
  169  12:21  Zergling x10  
  179  12:28  Drone x4  
  179  12:29  Baneling x6  
  183  12:34  Zergling x12  
  183  12:36  Hatchery  
  178  12:40  Zergling x12  
  180  12:44  Baneling x7  
  180  12:49  Zergling x10  
  179  12:52  Zergling x6  
  179  12:55  Zergling x8  
  184  13:03  Zergling x2  
  184  13:04  Zergling x14  
  164  13:09  Zergling x2  
  164  13:10  Zergling x2  
  148  13:16  Zergling x6  
  131  13:20  Zergling x2  
  131  13:21  Zergling x2  
  131  13:24  Zergling x4, Baneling x11  
  131  13:25  Zergling x4  
  135  13:33  Baneling x6  
  135  13:34  Zergling x8  
  139  13:36  Zergling x2  
  139  13:37  Zergling x4  
  142  13:43  Zergling x4  
  140  13:52  Zergling x26  
  137  13:56  Zergling x4  
  137  14:00  Zergling x2  
  140  14:02  Zergling x2  
  140  14:03  Zergling x6  
  140  14:07  Zergling x2  
  144  14:13  Zergling x6  
  143  14:20  Zergling x4  
Tags
 
Add a new tag
Caveats
  • Supply blocks, unpowered buildings, or Contaminate may cause inaccurate times.
  • Supply counts are checked every 10 seconds.